 Dungeon Crawl Stone Soup version 0.20-b1-24-gb21faa7 (webtiles) character file.

217 KeyserSoze the Skirmisher (level 5, -2/32 HPs)
             Began as a Vine Stalker Fighter on May 25, 2017.
             Was a Follower of Makhleb.
             Splashed by an oklob plant's acid (13 damage)
             ... on level 3 of the Dungeon.
             The game lasted 00:13:18 (2031 turns).

KeyserSoze the Skirmisher (Vine Stalker Fighter)    Turns: 2031, Time: 00:13:19

Health: -2/32      AC:  8    Str: 18    XL:     5   Next: 94%
Magic:  0/6        EV:  4    Int:  8    God:    Makhleb [*.....]
Gold:   103        SH:  8    Dex: 12    Spells: 4/4 levels left

rFire    . . .     SeeInvis .   a - +0 war axe
rCold    . . .     Gourm    .   c - +0 shield
rNeg     + . .     Faith    +   k - +1 chain mail
rPois    .         Spirit   +   (no helmet)
rElec    .         Reflect  .   (no cloak)
rCorr    .         Harm     .   (no gloves)
MR       .....                  (no boots)
Stlth    ..........             e - amulet of faith
Regen    0.5/turn               i - ring of positive energy
MPRegen  0.1/turn               h - -3 ring of dexterity (curse)

@: corroded
A: fangs 2, icy blue scales 1, rugged brown scales 1, regeneration 1, magic
shield, antimagic bite, no potion heal 3, rot immunity, MP-powered wands
a: Renounce Religion


You were on level 3 of the Dungeon.
You worshipped Makhleb.
Makhleb was aware of your devotion.
You were not hungry.

You visited 1 branch of the dungeon, and saw 3 of its levels.

You collected 103 gold pieces.

Inventory:

Hand Weapons
 a - a +0 war axe (weapon)
Missiles
 b - 12 bolts
 l - 40 arrows
Armour
 c - a +0 shield (worn)
 k - a +1 chain mail (worn)
 q - a +0 robe
Jewellery
 e - an amulet of faith (around neck)
 h - a cursed -3 ring of dexterity (right hand)
 i - a ring of positive energy (left hand)
 m - a +3 amulet of reflection
 s - an uncursed ring of protection from fire {unknown}
Scrolls
 j - a scroll of immolation
 n - a scroll of identify
 o - 2 scrolls of amnesia
 p - 2 scrolls of remove curse {unknown}
 r - a scroll of fear {unknown}
Comestibles
 d - 7 chunks of flesh
 f - 2 bread rations
 g - a royal jelly
 t - 2 fruits


   Skills:
 + Level 5.8 Fighting
 - Level 1.7 Axes
 - Level 2.4 Armour
 - Level 2.6 Shields


You had 4 spell levels left.
You didn't know any spells.

Dungeon Overview and Level Annotations

Branches:
Dungeon (3/15)

Altars:
Fedhas
Makhleb
Uskayaw

Annotations:
D:3 exclusion: oklob plant


Innate Abilities, Weirdness & Mutations

You have extremely sharp teeth.
Your natural rate of healing is unusually fast.
When hurt, damage is shared between your health and your magic reserves.
Your bite disrupts and absorbs the magic of your enemies.
Potions cannot restore your health.
You are immune to rotting.
You are partially covered in icy blue scales. (AC +2)
You are partially covered in rugged brown scales. (AC +1, +3% HP)
You expend magic power (3 MP) to strengthen your wands.


Message History

You hit the plant but do no damage. You hit the fungus but do no damage.
You bite the fungus, but do no damage.
The fungus is severely damaged.
You completely miss the plant. You slash the fungus!
The fungus is almost destroyed.
You hit the plant but do no damage. You slash the fungus!
You destroy the fungus!
You hit the plant but do no damage.
You see here a fruit.
The oklob plant spits acid at you. The splash of acid hits you!
You are splashed with acid!
The acid burns!
You see here 2 fruits.
You see here 2 fruits.
t - 2 fruits The oklob plant spits acid at you.
The splash of acid hits you! The acid corrodes you!
You are splashed with acid!
The acid burns!
You die...

P.≈≈≈≈...≈≈≈≈.P#.♣#.......#
.≈≈≈≈≈.≈≈≈≈≈.♣P♣P#.......#
≈≈≈.≈≈≈≈...PP♣#.......#
≈.≈≈≈..#.PPP#.......#
≈.≈≈..♣...#.#.......#
.....P...#PP#.......#


PP#♣PPPP..%P# PP.PPP%.%%PP# .♣♣PPP.@PP.# PP.P#.P.PPP# #####################
...'..#.# ######## ...##.#.# #....... '#..#.#.# #.###### .#....#.# #.#.....
.....(#.# #.#.#### .#....#.# #....... You could see an oklob plant.

Vanquished Creatures
  The ghost of KeyserSoze the Skirmisher, a weakling VSFi (D:3)
  2 iguanas (D:3)
  A worker ant (D:3)
  A gnoll (D:1)
  2 adders (D:3)
  2 worms (D:2)
  A leopard gecko (D:3)
  An orc (D:3)
  8 bats
  7 giant cockroaches
  8 goblins
  4 hobgoblins
  11 jackals
  5 kobolds
  2 ball pythons
  11 rats
  2 fungi (D:3)
  6 plants (D:3)
75 creatures vanquished.

Notes
Turn   | Place    | Note
-------+----------+-------------------------------------------
     0 | D:1      | KeyserSoze the Vine Stalker Fighter began the quest for the Orb.
     0 | D:1      | Reached XP level 1. HP: 11/11 MP: 2/2
    52 | D:1      | Reached skill level 3 in Fighting
   192 | D:1      | Reached XP level 2. HP: 16/16 MP: 3/3
   345 | D:1      | Reached XP level 3. HP: 18/21 MP: 2/4
   644 | D:2      | Gained mutation: You expend magic power (3 MP) to strengthen your wands. [potion of mutation]
   644 | D:2      | Gained mutation: You are partially covered in icy blue scales. (AC +2) [potion of mutation]
   644 | D:2      | Gained mutation: You are partially covered in rugged brown scales. (AC +1, +3% HP) [potion of mutation]
   842 | D:2      | Reached skill level 4 in Fighting
  1018 | D:2      | Found a burning altar of Makhleb.
  1032 | D:2      | Became a worshipper of Makhleb the Destroyer
  1178 | D:2      | Gained mutation: Your natural rate of healing is unusually fast. [Vine Stalker growth]
  1178 | D:2      | Reached XP level 4. HP: 21/26 MP: 5/5
  1409 | D:3      | Noticed KeyserSoze's ghost (weakling VSFi)
  1416 | D:3      | Killed KeyserSoze's ghost
  1416 | D:3      | Reached * piety under Makhleb
  1455 | D:3      | Noticed a dagger
  1459 | D:3      | Noticed a hand axe
  1460 | D:3      | Reached skill level 5 in Fighting
  1460 | D:3      | Reached XP level 5. HP: 30/30 MP: 6/6
  1483 | D:3      | Found a hide-covered altar of Uskayaw.
  1932 | D:3      | Found a blossoming altar of Fedhas.
  1951 | D:3      | Noticed an oklob plant
  2031 | D:3      | Splashed by an oklob plant's acid

Skill      XL: |  1  2  3  4 |
---------------+-------------+-----
Fighting       | 3 4 5 |  5.8
Axes           | |  1.7
Armour         | |  2.4
Shields        | |  2.6

Action                   |  1- 3 |  4- 6 || total
-------------------------+-------+-------++-------
Melee: War axe           |    96 |   147 ||   243
       Bite              |    18 |    52 ||    70
  Use: Scroll            |     3 |       ||     3
       Potion            |     3 |     1 ||     4
  Eat: Chunk             |     1 |     3 ||     4
Armor: Scale mail        |    11 |       ||    11
       Chain mail        |    79 |    61 ||   140
Dodge: Dodged            |    28 |    22 ||    50
Block: Shield            |    69 |    45 ||   114
